 Dungeon Crawl Stone Soup version 0.18-a0-1797-gc18daef (webtiles) character file.

396 macross the Covert (level 6, 0/30 HPs)
             Began as a Spriggan Assassin on Apr 22, 2016.
             Slain by a howler monkey zombie (2 damage)
             ... while paralysed by Grinder
             ... on level 5 of the Dungeon.
             The game lasted 00:04:31 (907 turns).

macross the Covert (Spriggan Assassin)               Turns: 907, Time: 00:04:31

Health: 0/30       AC:  3    Str:  7    XL:     6   Next: 52%
Magic:  7/7        EV:  4    Int: 12    God:
Gold:   70         SH:  0    Dex: 20    Spells: 0 memorised, 5 levels left

rFire  . . .     SeeInvis +     a - +2 dagger
rCold  . . .     Gourm    .     c - +0 robe
rNeg   + . .     Faith    .     (shield restricted)
rPois  .         Spirit   .     (helmet restricted)
rElec  .         Dismiss  .     d - +0 cloak
rCorr  .         Reflect  .     (gloves unavailable)
SustAt .         Harm     .     (boots unavailable)
MR     +....                    (no amulet)
Stlth  +++++.....               (no ring)
                                h - ring of positive energy

@: paralysed, very quick, somewhat resistant to hostile enchantments, quite
stealthy
A: unfitting armour, see invisible, herbivore 3, speed 3, slow metabolism 2
a: no special abilities


You were on level 5 of the Dungeon.
You were not hungry.

You visited 1 branch of the dungeon, and saw 7 of its levels.

You collected 70 gold pieces.

Inventory:

Hand Weapons
 a - a +2 dagger (weapon)
 b - a +0 blowgun
Missiles
 e - 8 poisoned needles
 f - 2 curare-tipped needles
Armour
 c - a +0 robe (worn)
 d - a +0 cloak (worn)
Jewellery
 h - a ring of positive energy (left hand)
 m - an uncursed amulet of rage {unknown}
 r - a cursed amulet of rage {unknown}
Scrolls
 j - a scroll of identify {unknown}
 k - a scroll of fear {unknown}
 n - a scroll of teleportation {unknown}
 o - a scroll of blinking {unknown}
Potions
 i - a potion of lignification {unknown}
 p - a potion of curing {unknown}
 q - a potion of berserk rage {unknown}
Books
 s - a book of Necromancy

   Spells                             Type                      Level
   a - Pain                           Necromancy                   1
   b - Animate Skeleton               Necromancy                   1
   c - Vampiric Draining              Necromancy                   3
   d - Regeneration                   Charms/Necromancy            3
   e - Animate Dead                   Necromancy                   4
   f - Control Undead                 Necromancy                   4
Comestibles
 g - a bread ration
 l - a slice of pizza


   Skills:
 + Level 2.1 Fighting
 + Level 3.4 Short Blades
 + Level 2.3 Throwing
 + Level 3.7 Dodging
 + Level 10.1 Stealth


You had 5 spell levels left.
You didn't know any spells.

Dungeon Overview and Level Annotations

Branches:
Dungeon (7/15)
 Temple: D:4-7

Altars:
Elyvilon
Gozag
Yredelemnul

Annotations:
D:4 Edmund
D:5 Grinder; MordorOrchid's ghost, novice SpEn


Innate Abilities, Weirdness & Mutations

You are tiny and cannot use many weapons and most armour.
You have supernaturally acute eyesight.
You are a herbivore.
You cover ground extremely quickly.
You need consume almost no food.


Message History

You suddenly lose the ability to move!
Grinder says, "Wait up."
Grinder gestures at you. Pain shoots through your body!
Grinder blinks!
Grinder gestures at you.
You easily resist.
The howler monkey zombie hits you but does no damage.
The howler monkey zombie bites you but does no damage.
Grinder hits you!
* * * LOW HITPOINT WARNING * * *
Grinder gestures at you. Pain shoots through your body!
* * * LOW HITPOINT WARNING * * *
The howler monkey zombie hits you but does no damage.
The howler monkey zombie bites you but does no damage.
Grinder hits you.
* * * LOW HITPOINT WARNING * * *
The howler monkey zombie hits you.
You die...

####......##....##......
#....._...##....##.....(
+.........##....##......
#..........'............
#.......#.##....##......
#.......#.#....#........
#.......#.#.##.#.#######
#######Z#.#.#..#.#
#@#.#.#.....
#5#.#.#.#..#
#.###....... #.#
###.##### #.# . #.# #.#
#..


You could see Grinder and a howler monkey zombie.

Vanquished Creatures
  A necrophage (D:6)
  A centaur (D:6)
  An ogre (D:6)
  Blork the orc (D:5)
  A crimson imp (D:6)
  An iguana (D:3)
  A howler monkey skeleton (D:5)
  A hobgoblin (D:1)
  3 jackals (D:5)
  2 bats (D:1)
  A rat (D:1)
14 creatures vanquished.

Notes
Turn   | Place    | Note
--------------------------------------------------------------
     0 | D:1      | macross the Spriggan Assassin began the quest for the Orb.
     0 | D:1      | Reached XP level 1. HP: 10/10 MP: 2/2
    34 | D:1      | Reached skill level 6 in Stealth
   124 | D:3      | Noticed an iguana
   126 | D:3      | Killed an iguana
   126 | D:3      | Reached XP level 2. HP: 15/15 MP: 3/3
   126 | D:3      | Reached XP level 3. HP: 18/18 MP: 4/4
   146 | D:4      | Noticed Edmund
   151 | D:5      | Entered Level 5 of the Dungeon
   372 | D:6      | Noticed a centaur
   375 | D:6      | Killed a centaur
   375 | D:6      | Reached skill level 8 in Stealth
   375 | D:6      | Reached XP level 4. HP: 21/23 MP: 5/5
   409 | D:6      | Found an opulent altar of Gozag.
   424 | D:6      | Noticed a phantom
   428 | D:7      | Noticed an ice beast
   483 | D:6      | Noticed an ogre
   491 | D:6      | Killed an ogre
   491 | D:6      | Reached XP level 5. HP: 26/26 MP: 6/6
   516 | D:6      | Noticed an ogre
   532 | D:6      | Noticed a black bear
   556 | D:6      | Reached skill level 9 in Stealth
   568 | D:6      | Noticed a necrophage
   573 | D:6      | Killed a necrophage
   573 | D:6      | Reached XP level 6. HP: 30/30 MP: 7/7
   587 | D:6      | Found a white marble altar of Elyvilon.
   826 | D:5      | Noticed Blork the orc
   829 | D:5      | Noticed MordorOrchid's ghost (novice SpEn)
   836 | D:5      | Killed Blork the orc
   836 | D:5      | Reached skill level 10 in Stealth
   883 | D:5      | Found a basalt altar of Yredelemnul.
   884 | D:5      | Noticed Grinder
   901 | D:5      | Paralysed by Grinder for 7 turns
   907 | D:5      | Slain by a howler monkey zombie

Vault maps used:
D:1:      dpeg_arrival_radiant
D:2:      gammafunk_temple_overflow_wave, uniq_iyjb, uniq_sigmund, uniq_natasha
D:3:      first_bread
D:4:      enter_ossuary_4, grunt_dithmenos_smoke, uniq_menkaure, uniq_pikel,
          uniq_edmund
D:5:      basic_altar, uniq_blork_the_orc, uniq_grinder
D:6:      lemuel_slime, lemuel_crystal_altar, grunt_ministairs_4,
          grunt_gozag_breadcrumbs
D:7:      kennysheep_mini, minmay_temple_entry_poolview, uniq_crazy_yiuf_cottage

Skill      XL: |  1  2  3  4  5  6 |
---------------+-------------------+-----
Stealth        | 6 8 9 10 | 10.1
Fighting       | 2 |  2.1
Dodging        | 2 3 |  3.7
Short Blades   | 3 |  3.4
Throwing       | |  2.3

Action                   |  1- 3 |  4- 6 || total
-------------------------+-------+-------++-------
Melee: Dagger            |    32 |     8 ||    40
 Stab: Sleeping          |     3 |     5 ||     8
Armor: Robe              |     3 |     5 ||     8
Dodge: Dodged            |    29 |    18 ||    47
